 Dungeon Crawl Stone Soup version 0.27.1-3-gb3d3a73c9e (webtiles) character file.

Game seed: 12160581729196201550

119 belegose the Covered (level 4, 0/37 HPs)
             Began as a Minotaur Artificer on Oct 12, 2021.
             Slain by a black bear (6 damage)
             ... on level 4 of the Dungeon.
             The game lasted 00:06:00 (2785 turns).

belegose the Covered (Minotaur Artificer)           Turns: 2785, Time: 00:06:00

Health: 0/37       AC:  7    Str: 18    XL:     4   Next: 73%
Magic:  3/3        EV: 10    Int:  8    God:
Gold:   98         SH:  0    Dex: 10    Spells: 3/3 levels left

rFire    . . .     SeeInvis .   a - +0 trident
rCold    + . .     Faith    .   (no shield)
rNeg     . . .     Spirit   .   i - +1 scale mail {rC+}
rPois    .         Reflect  .   (helmet restricted)
rElec    .         Harm     .   (no cloak)
rCorr    .         Rampage  .   (no gloves)
Will     .....                  (no boots)
Stlth    ..........             (no amulet)
HPRegen  0.12/turn              (no ring)
MPRegen  0.08/turn              (no ring)

@: no status effects
A: horns 2, retaliatory headbutt
a: no special abilities


You were on level 4 of the Dungeon.
You visited 1 branch of the dungeon, and saw 4 of its levels.

You collected 98 gold pieces.

Inventory:

Hand Weapons
 a - a +0 trident (weapon)
 p - a +1 vampiric spear
 u - a +0 war axe
Missiles
 f - 5 javelins
 g - 59 stones (quivered)
Armour
 i - a +1 scale mail of cold resistance (worn)
Wands
 c - a wand of flame (13)
 d - a wand of charming (14)
 o - a wand of polymorph (4)
Scrolls
 b - a scroll of identify {unknown}
 h - 2 scrolls of blinking {unknown}
 j - a scroll of amnesia {unknown}
 k - 2 scrolls of enchant weapon {unknown}
 q - a scroll of torment {unknown}
 s - a scroll of noise {unknown}
 t - a scroll of holy word {unknown}
 w - a scroll of fog {unknown}
Potions
 l - a potion of might {unknown}
 m - 3 potions of degeneration {unknown}
 n - 2 potions of curing {unknown}
 r - a potion of haste {unknown}
 v - a potion of brilliance {unknown}
Miscellaneous
 e - a piece from Xom's chessboard (15/15)


   Skills:
 + Level 2.8 Fighting
 + Level 1.2 Polearms
 + Level 3.6 Armour
 + Level 2.5 Dodging
 - Level 0.7 Stealth
 + Level 3.3 Evocations


You had 3 spell levels left.
You didn't know any spells.
Your spell library was empty.

Dungeon Overview and Level Annotations

Branches:
Dungeon (4/15)
 Temple: D:4-7

Altars:
Elyvilon

Shops:
D:1 [   D:2 [**(:   D:3 =


Innate Abilities, Weirdness & Mutations

You have a pair of horns on your head.
You reflexively headbutt those who attack you in melee.


Message History

The black bear is heavily wounded.
The black bear barely misses you.
The black bear claws you but does no damage.
The black bear claws you.
Unknown command.
You hit the black bear.
The black bear is heavily wounded.
The black bear bites you but does no damage.
The black bear claws you. x2
You hit the black bear but do no damage.
The black bear is heavily wounded.
The black bear barely misses you. The black bear closely misses you. x2
You hit the black bear but do no damage.
You headbutt the black bear.
The black bear is severely wounded.
The black bear bites you but does no damage.
The black bear claws you but does no damage. x2
A kobold comes into view.
It is wielding a +0 short sword and quivering poisoned darts.
The black bear bites you. The black bear closely misses you.
The black bear claws you but does no damage.
Unknown command.
The black bear goes berserk!
Things that are here:
a +0 short sword; 2 stones You barely miss the black bear.
You headbutt the black bear.
The black bear is severely wounded.
The black bear bites you but does no damage.
The black bear barely misses you.
The black bear claws you but does no damage.
Aiming: Charm
Press: ? - help, Shift-Dir - straight line, f/p - black bear
Aim: a black bear (severely wounded, berserk, chance to affect: 55%)
The black bear resists with significant effort.
The black bear barely misses you. You furiously retaliate!
You headbutt the black bear, but do no damage.
The black bear claws you but does no damage.
The black bear barely misses you. The black bear bites you!
* * * LOW HITPOINT WARNING * * *
The black bear closely misses you. The black bear claws you.
You die...

[..........##
......$......#
.............#
........[....#
.........[)<.#####
..........†........
.>............#####
..............####
.........@..[.....
.#..#####h..######
..# ##)#.# ..
#.?#.# . .
........##.# . ..
......... .. .## ..
...........# #.. .#
.....K###..# #.# .#
...... ... #.#.#


You could see a black bear (berserk) and a kobold (wandering).

Vanquished Creatures
  An orc wizard (D:4)
  4 adders
  A dart slug (D:1)
  3 orcs
  4 ball pythons
  5 endoplasms
  3 giant cockroaches
  8 goblins
  6 hobgoblins
  A quokka (D:2)
  5 bats
  A frilled lizard (D:2)
  4 kobolds
  3 rats
49 creatures vanquished.

Vanquished Creatures (others)
  A plant (D:2)
1 creature vanquished.

Grand Total: 50 creatures vanquished

Notes
Turn   | Place    | Note
-------+----------+-------------------------------------------
     0 | D:1      | belegose the Minotaur Artificer began the quest for the
                  | Orb.
     0 | D:1      | Reached XP level 1. HP: 16/16 MP: 0/0
    45 | D:1      | Found Zodol's Antique Armour Emporium.
   444 | D:1      | Reached XP level 2. HP: 23/23 MP: 1/1
   807 | D:1      | Found a faded altar of an unknown god.
  1252 | D:2      | Found Fuekug's Antique Armour Shoppe.
  1329 | D:2      | Reached XP level 3. HP: 29/29 MP: 2/2
  1389 | D:2      | Found Bulel's Assorted Antiques.
  1395 | D:2      | Found Erasiown's Weapon Shop.
  1544 | D:2      | Found Miuf's Assorted Antiques.
  1633 | D:2      | Found Ceanwiu's Book Shop.
  2073 | D:3      | Found Apaimael's Jewellery Shop.
  2191 | D:3      | Reached XP level 4. HP: 33/37 MP: 3/3
  2448 | D:3      | Found a white marble altar of Elyvilon.
  2575 | D:4      | Reached skill level 1 in Polearms
  2769 | D:4      | Noticed a black bear
  2785 | D:4      | Slain by a black bear

Illustrated notes

Levels and vault maps discovered:
D:1:      dpeg_arrival_round_a, layout_basic, shapermc_ecumenical_altar_ellora,
          serial_shops, nicolae_shop_crystal, serial_curves, eino_curves_03,
          eino_curves_01
D:2:      layout_basic, serial_shops, shop, shop, shop, nicolae_shop_stone,
          nicolae_shop_overgrown_old_shop
D:3:      layout_loops_cross, overflow_temple_1_default, serial_shops,
          nicolae_shop_waterfront
D:4:      layout_rooms, mainiacjoe_overflow_alcove_4

Skill      XL: |  1  2  3  4 |
---------------+-------------+-----
Fighting       | 2 |  2.8
Armour         | 3 |  3.6
Evocations     | 3 |  3.3
Dodging        | 2 |  2.5
Polearms       | 1 |  1.2
Stealth        | |  0.7

Action                   |  1- 3 |  4- 6 || total
-------------------------+-------+-------++-------
Melee: Trident           |    76 |    48 ||   124
       Dagger            |     4 |       ||     4
       Headbutt          |     7 |     4 ||    11
       Club              |     2 |       ||     2
Evoke: Wand              |     2 |     1 ||     3
 Stab: Sleeping          |     1 |       ||     1
Armor: Leather armour    |     4 |       ||     4
       Scale mail        |    31 |    37 ||    68
       Skin              |     2 |       ||     2
Dodge: Dodged            |    53 |    45 ||    98
